AoeStats
← fat_dgk

Fortress

509793946Analyzed
4v4 RM · 3d ago on Sep 28, 2026· 58m 5s· 8 players
Game mode
Random Map
Map size
Huge
Population
200
Speed
Normal
Resources
Standard
Victory
Conquest
Starting age
Dark Age
Ending age
Imperial Age
RankedLock teamsTeams togetherTeam positionsShared explorationLock speedFull tech treeHidden civsTurbo modeCheats
Victory
Defeat
🇨🇱 Varangians · Chile
1229
+15
🇺🇸 Bohemians · United States
1168
+18
🇨🇱 Poles · Chile
1160
+18
🇳🇿 Tatars · New Zealand
1093
+20
🇺🇸 Vietnamese · United States
1231
-19
🇺🇸 Khmer · United States
1199
-18
🇨🇦 Saxons · Canada
1190
-17
🇨🇦 Teutons · Canada
1190
-17
StanTheMan
5:12 Loom
7:04 Feudal Age
8:20 Feudal Age
10:11 Loom
12:53 Castle Age
12:17 Double-Bit Axe
12:14 Horse Collar
14:28 Bow Saw
14:24 Heavy Plow
19:13 Wheelbarrow
21:28 Town Watch
27:40 Imperial Age
26:02 Hand Cart
28:15 Fletching
28:25 Padded Archer Armor
28:56 Elite Skirmisher
28:57 Pikeman
29:36 Bodkin Arrow
29:56 Leather Archer Armor
31:34 Chemistry
30:40 Siege Engineers
32:09 Bracer
32:39 Ring Archer Armor
32:20 Forging
32:10 Scale Mail Armor
31:33 Halberdier
33:37 Ballistics
34:13 Houfnice
35:31 Conscription
39:27 Two-Man Saw
48:54 Iron Casting
48:34 Chain Mail Armor
50:26 Caravan
50:45 Arson
59:04 Blast Furnace
58:34 Plate Mail Armor
58:48 Plate Mail Armor
fat_dgk
7:05 Feudal Age
11:21 Castle Age
9:40 Horse Collar
10:54 Double-Bit Axe
12:39 Heavy Plow
16:10 Bow Saw
19:06 Wheelbarrow
22:14 Scale Barding Armor
22:20 Forging
22:14 Husbandry
22:23 Gold Mining
22:09 Light Cavalry
25:34 Imperial Age
23:40 Bloodlines
24:51 Chain Barding Armor
25:51 Iron Casting
25:45 Winged Hussar
27:31 Crop Rotation
28:04 Blast Furnace
28:20 Lechitic Legacy
28:48 Conscription
29:29 Elite Obuch
30:50 Squires
30:52 Scale Mail Armor
32:23 Chain Mail Armor
31:55 Arson
34:25 Plate Mail Armor
36:56 Chemistry
36:06 Masonry
37:18 Caravan
37:49 Coinage
37:54 Capped Ram
38:48 Siege Ram
43:36 Bombard Tower
FdEz
7:27 Feudal Age
7:52 Loom
13:01 Castle Age
11:02 Arson
12:01 Stone Mining
13:00 Gold Mining
13:07 Double-Bit Axe
13:06 Horse Collar
14:49 Squires
18:10 Gold Mining
18:51 Fletching
24:25 Gambesons
26:49 Bow Saw
26:58 Forging
26:49 Scale Mail Armor
30:55 Imperial Age
30:37 Heavy Plow
31:00 Chain Mail Armor
33:50 Stone Shaft Mining
35:35 Two-Man Saw
35:42 Wheelbarrow
34:56 Town Watch
35:21 Elite Varangian Guard
38:11 Iron Casting
38:07 Plate Mail Armor
38:48 Hand Cart
39:07 Crop Rotation
42:22 Blast Furnace
42:13 Capped Ram
46:45 Siege Ram
51:12 Conscription
52:59 Caravan
ttambow
7:11 Feudal Age
8:35 Double-Bit Axe
9:30 Horse Collar
13:20 Castle Age
15:58 Bow Saw
16:17 Loom
18:41 Wheelbarrow
20:16 Heavy Plow
21:37 Hand Cart
27:21 Imperial Age
25:24 Scale Barding Armor
25:30 Forging
26:32 Chain Barding Armor
26:35 Husbandry
26:46 Bloodlines
27:45 Iron Casting
28:44 Plate Barding Armor
28:33 Conscription
28:12 Elite Steppe Lancer
30:31 Crop Rotation
31:11 Blast Furnace
31:42 Silk Armor
32:54 Fletching
33:39 Bodkin Arrow
33:22 Light Cavalry
35:29 Bracer
35:00 Hussar
36:57 Town Watch
37:15 Padded Archer Armor
39:23 Leather Archer Armor
39:43 Ballistics
40:24 Chemistry
39:35 Fortified Wall
39:05 Treadmill Crane
39:36 Masonry
39:22 Murder Holes
40:45 Ring Archer Armor
40:48 Heavy Cavalry Archer
42:22 Caravan
52:33 Gold Mining
54:13 Elite Keshik
Angelo
1:53 Loom
8:38 Feudal Age
13:05 Castle Age
11:37 Double-Bit Axe
11:36 Horse Collar
12:23 Stone Mining
14:28 Heavy Plow
15:06 Bow Saw
17:45 Wheelbarrow
17:50 Fortified Wall
22:44 Hand Cart
27:11 Imperial Age
24:24 Elite Skirmisher
25:12 Thumb Ring
25:00 Fletching
25:36 Padded Archer Armor
25:58 Gold Mining
25:45 Crossbowman
27:21 Caravan
27:31 Arbalester
27:34 Elite Skirmisher
29:22 Two-Man Saw
28:31 Imperial Skirmisher
29:55 Bodkin Arrow
30:16 Leather Archer Armor
31:03 Chemistry
30:24 Ballistics
31:14 Murder Holes
31:54 Bracer
32:25 Ring Archer Armor
32:55 Stone Shaft Mining
33:10 Paper Money
32:22 Elite Rattan Archer
35:32 Siege Engineers
35:37 Masonry
36:18 Scale Barding Armor
37:07 Elite Battle Elephant
39:28 Elite Battle Elephant
40:21 Bloodlines
40:13 Husbandry
41:11 Forging
42:14 Chatras
42:50 Hoardings
45:45 Crop Rotation
46:17 Light Cavalry
58:32 Iron Casting
我有低保我先上
7:37 Feudal Age
11:21 Castle Age
9:26 Double-Bit Axe
9:23 Horse Collar
11:59 Wheelbarrow
13:01 Bow Saw
21:17 Heavy Plow
22:11 Gold Mining
22:11 Stone Mining
23:34 Gold Shaft Mining
24:25 Hand Cart
23:56 Loom
28:08 Imperial Age
25:40 Caravan
28:28 Stone Shaft Mining
27:58 Fletching
28:19 Forging
28:14 Scale Barding Armor
28:10 Scale Mail Armor
30:33 Crop Rotation
30:48 Iron Casting
30:09 Bodkin Arrow
30:35 Chain Barding Armor
30:18 Padded Archer Armor
31:19 Chemistry
30:42 Conscription
30:22 Double Crossbow
31:49 Bloodlines
31:40 Husbandry
31:01 Light Cavalry
33:22 Blast Furnace
32:58 Hussar
33:06 Heavy Scorpion
35:13 Plate Barding Armor
35:01 Ballistics
40:26 Bracer
42:13 Siege Engineers
42:19 Fortified Wall
42:20 Elite Battle Elephant
42:53 Pikeman
43:19 Arson
44:01 Chain Mail Armor
45:48 Masonry
46:14 Halberdier
47:17 Leather Archer Armor
51:46 Ring Archer Armor
Flying_Ham
7:16 Feudal Age
11:15 Castle Age
13:07 Double-Bit Axe
13:05 Horse Collar
16:59 Loom
17:00 Town Watch
18:43 Heavy Plow
19:53 Bow Saw
21:10 Scale Mail Armor
22:00 Wheelbarrow
21:38 Squires
23:36 Hand Cart
26:49 Imperial Age
25:52 Chain Mail Armor
25:48 Forging
26:00 Town Patrol
26:13 Fortified Wall
26:15 Masonry
26:07 Gold Mining
26:10 Stone Mining
26:35 Bloodlines
26:31 Arson
27:40 Scale Barding Armor
28:06 Plate Mail Armor
26:59 Cavalier
28:18 Conscription
27:19 Elite Teutonic Knight
29:00 Chain Barding Armor
29:16 Iron Casting
29:33 Fletching
30:38 Bodkin Arrow
31:20 Plate Barding Armor
31:28 Ballistics
31:15 Siege Engineers
31:54 Crop Rotation
32:25 Two-Man Saw
32:26 Hoardings
33:15 Chemistry
33:29 Guilds
34:45 Blast Furnace
34:24 Paladin
38:15 Crenellations
38:43 Caravan
41:31 Stone Shaft Mining
No Fox Given
0:30 Loom
1:32 Loom
7:16 Feudal Age
10:04 Double-Bit Axe
10:20 Horse Collar
13:21 Castle Age
14:49 Bow Saw
14:41 Gold Mining
17:21 Heavy Plow
19:03 Wheelbarrow
20:55 Scale Mail Armor
21:54 Gambesons
22:10 Squires
22:24 Forging
22:34 Chain Mail Armor
24:12 Arson
26:03 Fletching
26:13 Padded Archer Armor
26:49 Bodkin Arrow
29:50 Imperial Age
29:23 Iron Casting
29:03 Leather Archer Armor
30:02 Thumb Ring
30:26 Bloodlines
31:27 Shield Wall
32:48 Plate Mail Armor
33:13 Elite Varangian Guard
34:32 Elite Hearth Troop
36:45 Caravan
36:16 Pikeman
37:37 Halberdier
41:37 Crossbowman
42:21 Bracer
43:41 Fortified Wall
44:33 Chemistry
45:26 Ring Archer Armor
44:22 Arbalester
48:08 Ballistics
49:16 Hand Cart
51:21 Conscription
Connection lost

Rejoining the realm…

Still unreachable

The connection could not be restored.

Session expired

The server has moved on; the page needs a fresh start.